 Dungeon Crawl Stone Soup version 0.28-a0-224-g76b539d98b (webtiles) character file.

Game seed: 14597726539515260787

25035 freelancePsychic the Bewitcher (level 12, -5/58 HPs)
             Began as a Felid Enchanter on Aug 21, 2021.
             Was the Champion of Dithmenos.
             Killed from afar by an electric eel (11 damage)
             ... with a bolt of electricity
             ... on level 13 of the Dungeon.
             The game lasted 01:12:27 (26923 turns).

freelancePsychic the Bewitcher (Felid Enchanter)   Turns: 26923, Time: 01:12:27

Health: -5/58      AC:  3    Str:  4    XL:     12   Next: 85%
Magic:  23/23      EV: 19    Int: 27    God:    Dithmenos [******]
Gold:   1856       SH:  0    Dex: 17    Spells: 0/25 levels left
                                        Lives:  0   Deaths: 4

rFire   . . .      SeeInvis +     - Unarmed
rCold   + . .      Faith    .   (shield unavailable)
rNeg    . . .      Spirit   .   (armour unavailable)
rPois   .          Reflect  .   (helmet unavailable)
rElec   .          Harm     .   (cloak unavailable)
rCorr   .          Rampage  .   (gloves unavailable)
Will    +....                   (boots unavailable)
Stlth   +++++.....              l - amulet of regeneration
HPRegen 1.19/turn               g - +6 ring of intelligence
MPRegen 0.18/turn               K - ring of wizardry

@: wreathed by umbra, very slow
A: very small, claws 1, fangs 3, see invisible, speed 1, shaggy fur 3, stealthy
paws, no weapons or thrown items, no armour, multi-lived
a: Renounce Religion, Shadow Step, Shadow Form


You were on level 13 of the Dungeon.
You worshipped Dithmenos.
Dithmenos was exalted by your worship.
You visited 4 branches of the dungeon, and saw 21 of its levels.

You collected 3168 gold pieces.
You spent 1312 gold pieces at shops.

Inventory:

Jewellery
 b - a ring of flight
 e - a +6 ring of intelligence
 g - a +6 ring of intelligence (left paw)
 k - a ring of positive energy
 l - an amulet of regeneration (around neck)
 q - a +6 ring of dexterity
 t - a ring of ice
 F - an amulet of reflection
 I - an amulet of guardian spirit
 K - a ring of wizardry (right paw)
Wands
 d - a wand of charming (27)
 v - a wand of flame (39)
 w - a wand of polymorph (4)
 G - a wand of acid (7)
Scrolls
 c - 2 scrolls of vulnerability
 f - 2 scrolls of blinking
 i - 3 scrolls of immolation
 m - 2 scrolls of magic mapping
 o - 5 scrolls of noise
 p - 2 scrolls of holy word
 r - 4 scrolls of teleportation {@r4}
 u - 3 scrolls of amnesia
 y - 2 scrolls of identify {@r1}
 z - 2 scrolls of fear
 B - a scroll of fog
 H - a scroll of summoning
Potions
 a - 2 potions of ambrosia
 h - a potion of brilliance
 j - 5 potions of heal wounds {@q2}
 n - 3 potions of flight
 s - 2 potions of haste {@q3}
 x - a potion of magic
 A - 2 potions of might
 C - 2 potions of attraction
 D - 4 potions of berserk rage
 E - a potion of cancellation
 J - 2 potions of degeneration {unknown}
 L - a potion of curing {@q1}
 M - 2 potions of resistance {unknown}
 N - a potion of mutation {unknown}
 O - a potion of invisibility


   Skills:
 - Level 10.0 Fighting
 - Level 5.0 Dodging
 - Level 12.7 Stealth
 + Level 8.3 Unarmed Combat
 - Level 7.0 Spellcasting
 - Level 3.8 Conjurations
 - Level 18.0 Hexes
 + Level 7.0 Transmutations
 - Level 0.7 Ice Magic
 + Level 7.2 Earth Magic
 - Level 4.3 Poison Magic


You couldn't memorise any spells.
You knew the following spells:

 Your Spells              Type           Power      Damage    Failure   Level
a - Ensorcelled Hibernat  Hex/Ice        100%       N/A       1%          2
b - Dazzling Flash        Conj/Hex       100%       N/A       1%          3
c - Tukima's Dance        Hex            82%        N/A       0%          3
d - Olgreb's Toxic Radia  Pois           33%        N/A       4%          4
e - Discord               Hex            41%        N/A       10%         8
h - Statue Form           Tmut/Erth      32%        N/A       19%         6

Your spell library contained the following spells:

 Spells                   Type           Power      Damage    Failure   Level
 Confusing Touch          Hex            82%        N/A       0%          3
 Magic Dart               Conj           100%       1d8       1%          1
 Sandblast                Erth           96%        2d20      1%          1
 Sting                    Tmut/Pois      100%       1d8       1%          1
 Passwall                 Tmut/Erth      40%        N/A       1%          2
 Poisonous Vapours        Pois/Air       42%        N/A       1%          2
 Wereblood                Tmut           47%        N/A       1%          2
 Inner Flame              Hex/Fire       55%        N/A       1%          3
 Cause Fear               Hex            41%        N/A       1%          4
 Fulminant Prism          Conj/Hex       31%        3d16      1%          4
 Leda's Liquefaction      Hex/Erth       33%        N/A       1%          4
 Summon Mana Viper        Hex/Summ       55%        N/A       1%          5
 Mephitic Cloud           Conj/Pois/Air  24%        N/A       2%          3
 Call Imp                 Summ           9%         N/A       3%          2
 Sublimation of Blood     Necr           4%         N/A       3%          2
 Call Canine Familiar     Summ           9%         N/A       7%          3
 Irradiate                Conj/Tmut      19%        3d20      7%          5
 Summon Ice Beast         Ice/Summ       11%        N/A       21%         4
 Fireball                 Conj/Fire      10%        3d6       28%         5
 Starburst                Conj/Fire      10%        6d5       82%         6
 Summon Hydra             Summ           4%         N/A       100%        7
 Ignition                 Fire           4%         3d4       100%        8
 Portal Projectile        Hex/Tloc       Unusable   N/A       N/A         3

Dungeon Overview and Level Annotations

Branches:
Dungeon (13/15)            Temple (1/1) D:6            Lair (5/6) D:8
  Swamp (0/4) Lair:4       Spider (0/4) Lair:3          Orc (2/2) D:11
    Elf (0/3) Orc:2
  Slime: Lair:5-6    Vaults: D:13-14

Altars:
Ashenzari
Cheibriados
Dithmenos
Elyvilon
Fedhas
Gozag
Hepliaklqana
Kikubaaqudgha
Makhleb
Nemelex Xobeh
Qazlal
Ru
Sif Muna
Trog
Uskayaw
Vehumet
Wu Jian
Xom
Yredelemnul
Zin
The Shining One
Beogh

Shops:
D:1 *   D:5 !   D:7 :?[   D:12 *   Orc:1 :[   Orc:2 [*[*

Annotations:
D:4 Duvessa, Edmund
D:5 2 transporters
D:8 Harold
D:12 3 runed translucent doors, Vuful's ghost, journeyman OpCj
Lair:3 2 runed translucent doors, Whiskey's ghost, journeyman FoFi


Innate Abilities, Weirdness & Mutations

You have sharp claws.
You have razor-sharp teeth.
You have supernaturally acute eyesight. (SInv)
You cover ground quickly. (Speed+)
Your thick and shaggy fur keeps you warm. (AC +3, rC+)
Your paws help you pounce on unaware monsters.
You are incapable of wielding weapons or throwing items.
You cannot wear armour.
You gain extra lives every three experience levels.


Message History

Press: ? - help, Shift-Dir - straight line, f - electric eel
Aim: an electric eel (umbra, 48% to hit)
The puff of flame misses the electric eel.
The bat misses you.
The electric eel is engulfed in a cloud of scalding steam.
The electric eel shoots out a bolt of lightning at you!
The bolt of electricity hits you! The bat misses you. x2
The electric eel is engulfed in a cloud of scalding steam.
The electric eel shoots out a bolt of lightning at you!
The bolt of electricity hits you! The bolt of electricity misses you.
The bolt of electricity hits the electric eel.
The electric eel completely resists.
The bat barely misses you.
The electric eel is engulfed in a cloud of scalding steam.
You kill the electric eel!
Dithmenos accepts your kill. The bat barely misses you. The bat misses you.
An electric eel comes into view.
The bat barely misses you. The bat completely misses you.
The snapping turtle bites you but does no damage.
You scratch the bat.
You kill the bat!
Dithmenos accepts your kill. The bat hits you.
The snapping turtle barely misses you. The bat misses you.
The snapping turtle barely misses you. The bat hits you but does no damage.
The bat hits you but does no damage. The bat misses you.
The snapping turtle bites you from afar!!
You emit a cloud of dark smoke.
The snapping turtle bites you from afar!!
* * * LOW HITPOINT WARNING * * *
You emit a cloud of dark smoke.
The bat closely misses you. The bat misses you. The bat completely misses you.
The bat misses you.
The electric eel shoots out a bolt of lightning at you!
The bolt of electricity hits you!
* * * LOW HITPOINT WARNING * * *
The bolt of electricity hits you!
You die...

≈≈≈≈≈≈≈ ≈≈≈≈≈≈≈ #≈≈≈≈≈≈≈
##≈≈≈≈≈≈≈ ≈#≈≈≈≈≈≈≈ .
###≈≈≈;≈≈≈≈≈≈ .. ##.≈≈≈≈≈#
≈≈≈≈ ####≈..
##..#@b≈≈##≈.≈§ ≈≈≈≈≈..
#...#§b§≈#≈≈≈≈≈ .#....
#...#b§t§#≈≈≈≈≈ #..#
#...#§§§§≈≈≈≈≈≈ >.#
#...#§§§≈≈≈b≈≈≈ .##
#...#≈#≈≈≈≈≈≈≈≈
.############..≈##≈≈≈≈≈≈≈≈
..........##...#≈#≈≈≈≈≈...
.#...###..##...###≈≈≈≈..♣.


You could see a snapping turtle, an electric eel and 3 bats.

Vanquished Creatures
  3 hydras
  Erolcha (D:9)
  3 boulder beetles
  A catoblepas (D:13)
  A centaur warrior (D:13)
  2 two-headed ogres
  A flayed ghost (D:12)
  A lindwurm (Lair:4)
  An orc knight (Orc:1)
  An ugly thing (D:13)
  A manticore (D:12)
  A cyclops (D:12)
  Maurice (D:10)
  2 black mambas
  9 cane toads
  A rime drake (Lair:5)
  2 kobold demonologists (D:11)
  5 komodo dragons
  4 trolls
  A polar bear (Lair:4)
  17 blink frogs
  A jumping spider (Lair:3)
  6 dream sheep (Lair:4)
  3 redbacks (Lair:3)
  A wraith (D:9)
  A wyvern (Lair:4)
  61 yaks
  A water elemental (D:12)
  6 basilisks
  3 steam dragons
  A vampire mosquito (D:10)
  A warg (Orc:1)
  Menkaure (D:6)
  13 water moccasins
  A hornet zombie (D:7)
  An ice beast (D:7)
  9 orc warriors
  4 black bears
  A necrophage (D:6)
  10 wolves
  6 centaurs
  2 ogres (Orc:2)
  A phantom (D:7)
  A scorpion (D:8)
  12 bullfrogs
  3 gnoll sergeants
  A wyvern skeleton (D:5)
  A water moccasin skeleton (D:6)
  16 killer bees
  3 wights
  5 electric eels
  3 howler monkeys
  4 centaur zombies
  A hound (D:5)
  2 jellies
  8 orc priests
  A centaur skeleton (D:7)
  Jessica (D:3)
  11 orc wizards
  3 iguanas
  A killer bee zombie (D:8)
  2 hound skeletons (D:4)
  Robin (D:3)
  16 gnolls
  6 adders
  A shadow imp (D:6)
  A white imp (D:8)
  An adder skeleton (D:4)
  2 dart slugs (D:3)
  44 orcs
  9 ball pythons
  8 bats
  4 endoplasms
  2 giant cockroaches (D:4)
  11 goblins
  12 hobgoblins
  17 jackals
  11 kobolds
  A quokka (D:2)
  5 frilled lizards
  2 rats (D:1)
426 creatures vanquished.

Vanquished Creatures (collateral kills)
  4 ogre magi (Orc:2)
  Erica (Orc:1)
  A centaur warrior (D:11)
  11 two-headed ogres
  A skeletal warrior (D:11)
  An orc sorcerer (Orc:2)
  An unseen horror (D:11)
  A water elemental (D:12)
  2 yaks (D:12)
  A vampire mosquito (D:11)
  7 orc warriors
  7 centaurs
  19 ogres
  3 kobold brigands (D:11)
  A howler monkey (D:11)
  5 orc priests
  8 orc wizards
  4 gnolls (Orc:2)
  22 orcs
  4 kobolds (D:11)
104 creatures vanquished.

Vanquished Creatures (others)
  An orc sorcerer (Orc:2)
  An ugly thing (D:11)
  2 orc warriors (Orc:2)
  2 trolls
  2 yaks (D:12)
  A vampire mosquito (D:11)
  An ogre (Orc:2)
  A centaur (D:11)
  An orc priest (Orc:1)
  An orc wizard (Orc:2)
  An orc (Orc:2)
  57 fungi
  67 plants
  8 toadstools (Lair:4)
146 creatures vanquished.

Grand Total: 676 creatures vanquished

Notes
Turn   | Place    | Note
-------+----------+-------------------------------------------
     0 | D:1      | freelancePsychic the Felid Enchanter began the quest for
                  | the Orb.
     0 | D:1      | Reached XP level 1. HP: 7/7 MP: 4/4
   121 | D:1      | Found Siesm's Assorted Antiques.
   284 | D:1      | Found a faded altar of an unknown god.
   292 | D:1      | Reached XP level 2. HP: 9/11 MP: 6/6
   665 | D:1      | Learned a level 2 spell: Ensorcelled Hibernation
   800 | D:1      | Reached skill level 5 in Hexes
  1084 | D:1      | Reached XP level 3. HP: 7/14 MP: 0/7
  2628 | D:2      | Reached skill level 5 in Stealth
  3461 | D:3      | Reached XP level 4. HP: 18/18 MP: 5/8
  3552 | D:1      | Bought a scroll labelled ENELITWO NYIW for 21 gold pieces
  3656 | D:3      | Noticed Jessica
  3663 | D:3      | Killed Jessica
  4514 | D:3      | Noticed Robin
  4573 | D:3      | Killed Robin
  4652 | D:3      | Reached XP level 5. HP: 21/21 MP: 1/9
  4848 | D:4      | Noticed an ice beast
  5114 | D:4      | Noticed Duvessa
  5161 | D:4      | Noticed Edmund
  5369 | D:4      | Noticed a water moccasin
  5388 | D:4      | Slain by a water moccasin
  5389 | D:4      | Reached XP level 4. HP: -1/18 MP: 7/8
  5420 | D:4      | Reached skill level 6 in Hexes
  5450 | D:5      | Entered Level 5 of the Dungeon
  5521 | D:5      | Found a transporter.
  5526 | D:5      | Found a transporter.
  5651 | D:5      | Reached skill level 1 in Fighting
  5651 | D:5      | Reached XP level 5. HP: 22/22 MP: 9/9
  6112 | D:5      | Gained mutation: You are covered in thick fur. (AC +2)
                  | [Felid growth]
  6112 | D:5      | Reached XP level 6. HP: 26/26 MP: 10/10
  6117 | D:5      | Found Erphyen's Distillery.
  6405 | D:5      | Reached skill level 7 in Hexes
  6987 | D:6      | Reached XP level 7. HP: 28/31 MP: 6/11
  7083 | D:6      | Reached skill level 8 in Hexes
  7099 | D:6      | Noticed a yak
  7102 | D:6      | Noticed a yak
  7102 | D:6      | Noticed a yak
  7869 | D:6      | Found a staircase to the Ecumenical Temple.
  7921 | D:6      | Noticed Menkaure
  7967 | Temple   | Entered the Ecumenical Temple
  8115 | Temple   | Became a worshipper of Dithmenos the Shadowed
  8474 | D:7      | Reached skill level 5 in Dodging
  8474 | D:7      | Reached skill level 5 in Unarmed Combat
  8474 | D:7      | Reached XP level 8. HP: 34/34 MP: 9/12
  8524 | D:7      | Reached skill level 1 in Poison Magic
  8599 | D:7      | Found Dionn's Book Boutique.
  8741 | D:6      | Killed Menkaure
  8923 | D:7      | Found Dygiaxy's Antique Armour Shop.
  9031 | D:8      | Learned a level 4 spell: Olgreb's Toxic Radiance
  9090 | D:8      | Reached * piety under Dithmenos
  9090 | D:8      | Slain by a killer bee
  9091 | D:8      | Reached XP level 7. HP: -2/31 MP: 10/13
  9117 | D:8      | Noticed Harold
  9135 | D:8      | Noticed a vampire
  9212 | D:7      | Found Qouvy's Magic Scroll Shop.
  9375 | D:6      | Reached XP level 8. HP: 30/34 MP: 14/14
 10081 | D:8      | Reached skill level 1 in Conjurations
 10081 | D:8      | Reached skill level 1 in Earth Magic
 10138 | D:8      | Learned a level 3 spell: Dazzling Flash
 10145 | D:8      | Found a staircase to the Lair.
 10249 | D:9      | Noticed Erolcha
 10323 | D:8      | Reached skill level 5 in Fighting
 10323 | D:8      | Reached XP level 9. HP: 32/40 MP: 10/16
 10384 | D:8      | Noticed a komodo dragon
 10450 | D:8      | Killed a komodo dragon
 11061 | D:9      | Reached ** piety under Dithmenos
 11401 | D:9      | Found the +10 zealot's sword {holy, *Rage rN+ EV+3}
 11639 | Lair:1   | Entered Level 1 of the Lair of Beasts
 11706 | Lair:1   | Learned a level 3 spell: Tukima's Dance
 11856 | Lair:1   | Reached XP level 10. HP: 45/45 MP: 6/17
 11860 | Lair:1   | Reached skill level 9 in Hexes
 12000 | Lair:1   | Noticed a seven-headed hydra
 12031 | Lair:1   | Reached skill level 10 in Stealth
 12183 | Lair:1   | Reached skill level 10 in Hexes
 12387 | Lair:1   | Reached skill level 11 in Hexes
 12848 | Lair:1   | Killed a seven-headed hydra
 12849 | Lair:1   | Reached skill level 12 in Hexes
 12849 | Lair:1   | Reached XP level 11. HP: 37/48 MP: 14/18
 13067 | Lair:1   | Reached *** piety under Dithmenos
 13824 | Lair:2   | Reached skill level 13 in Hexes
 14105 | Lair:2   | Noticed a four-headed hydra
 14125 | Lair:2   | Killed a four-headed hydra
 14126 | Lair:2   | Reached skill level 14 in Hexes
 14340 | D:7      | Bought a book of Hexes for 504 gold pieces
 15049 | Lair:3   | Found a large runed translucent door.
 15049 | Lair:3   | Found a large runed translucent door.
 15123 | Lair:3   | Noticed Whiskey's ghost (journeyman FoFi)
 15250 | Lair:3   | Reached skill level 5 in Spellcasting
 15472 | Lair:3   | Learned a level 8 spell: Discord
 16019 | Lair:3   | Reached skill level 15 in Hexes
 16199 | Lair:3   | Gained mutation: Your thick and shaggy fur keeps you warm.
                  | (AC +3, rC+) [Felid growth]
 16199 | Lair:3   | Reached XP level 12. HP: 52/52 MP: 18/21
 16294 | Lair:3   | Found a hole to the Spider Nest.
 16312 | Lair:3   | Succumbed to a redback's poison
 16313 | Lair:3   | Reached XP level 11. HP: -1/48 MP: 13/20
 16502 | Lair:3   | Reached **** piety under Dithmenos
 17109 | Lair:4   | Found a radiant altar of Vehumet.
 17222 | Lair:4   | Found a staircase to the Swamp.
 17226 | Lair:4   | Reached skill level 16 in Hexes
 17570 | Lair:4   | Noticed a lindwurm
 17576 | Lair:4   | Killed a lindwurm
 18105 | Lair:4   | Reached skill level 17 in Hexes
 18105 | Lair:4   | Reached XP level 12. HP: 56/56 MP: 22/22
 18112 | Lair:4   | Noticed a five-headed hydra
 18135 | Lair:4   | Killed a five-headed hydra
 18515 | Lair:4   | Noticed a six-headed hydra
 18515 | Lair:4   | Noticed a boulder beetle
 18734 | Lair:5   | Noticed a five-headed hydra
 19863 | D:9      | Killed Erolcha
 19908 | D:10     | Entered Level 10 of the Dungeon
 19925 | D:10     | Identified a scroll of acquirement
 19926 | D:10     | Acquired 546 gold pieces
 19944 | D:10     | Noticed Maurice
 19952 | D:10     | Killed Maurice
 20111 | D:10     | Noticed a two-headed ogre
 20118 | D:10     | Killed a two-headed ogre
 20431 | D:11     | Found a staircase to the Orcish Mines.
 20435 | Orc:1    | Entered Level 1 of the Orcish Mines
 20542 | Orc:1    | Noticed Erica
 20555 | Orc:1    | Killed Erica
 20723 | Orc:1    | Reached skill level 18 in Hexes
 20806 | Orc:1    | Found Xomax's Book Boutique.
 20809 | Orc:1    | Bought the Collected Works on Creative Stones for 612 gold
                  | pieces
 21097 | Orc:1    | Reached ***** piety under Dithmenos
 21190 | Orc:2    | Entered Level 2 of the Orcish Mines
 21400 | Orc:2    | Reached skill level 10 in Fighting
 21566 | Orc:1    | Found Ipauzot's Antique Armour Shop.
 21669 | Orc:2    | Found a staircase to the Elven Halls.
 21686 | Orc:2    | Reached skill level 1 in Transmutations
 21912 | Orc:2    | Found Ichuicw's General Store.
 21919 | Orc:2    | Bought a potion of heal wounds for 55 gold pieces
 22047 | Orc:2    | Noticed a two-headed ogre
 22062 | Orc:2    | Killed a two-headed ogre
 22192 | Orc:2    | Noticed a two-headed ogre
 22329 | Orc:2    | Killed a two-headed ogre
 22344 | Orc:2    | Noticed a two-headed ogre
 22350 | Orc:2    | Killed a two-headed ogre
 22488 | Orc:2    | Noticed a two-headed ogre
 22492 | Orc:2    | Killed a two-headed ogre
 22579 | Orc:2    | Noticed an ogre mage
 22751 | Orc:2    | Killed an ogre mage
 22844 | Orc:2    | Noticed an ogre mage
 22850 | Orc:2    | Noticed a two-headed ogre
 22871 | Orc:2    | Killed a two-headed ogre
 22872 | Orc:2    | Reached XP level 13. HP: 61/61 MP: 3/23
 23199 | Orc:2    | Found Costupow's Antique Armour Shop.
 23199 | Orc:2    | Found Uneav's Antique Armour Emporium.
 23199 | Orc:2    | Found Onteido's Book Shoppe.
 23199 | Orc:2    | Found Omuuxziz's Assorted Antiques.
 23208 | Orc:2    | Reached skill level 5 in Earth Magic
 23272 | Orc:2    | Bought a potion of heal wounds for 120 gold pieces
 23488 | Orc:2    | Found a bloodstained altar of Trog.
 23615 | Orc:2    | Learned a level 6 spell: Statue Form
 24274 | D:11     | Reached skill level 5 in Transmutations
 24305 | D:11     | Reached ****** piety under Dithmenos
 24671 | D:11     | HP: 3/61 [skeletal warrior (22)]
 25193 | D:12     | Found a runed translucent gate.
 25198 | D:12     | Found a runed translucent gate.
 25198 | D:12     | Found a runed translucent gate.
 25432 | D:12     | Noticed Vuful's ghost (journeyman OpCj)
 25676 | D:12     | Identified the +2 robe "Sirim" {rPois rF- Str+3}
 25719 | D:12     | Found Qyolu's General Store.
 26167 | D:12     | Noticed a fire dragon
 26167 | D:12     | Noticed a vampire knight
 26171 | D:12     | Noticed a frost giant
 26532 | D:12     | Slain by a frost giant
 26533 | D:12     | Reached XP level 12. HP: -4/75 MP: 15/23
 26562 | D:13     | Noticed a boulder beetle
 26568 | D:13     | Killed a boulder beetle
 26624 | D:13     | Acquired the Handbook of Harmful Clay
 26674 | D:13     | Noticed a boulder beetle
 26683 | D:13     | Killed a boulder beetle
 26719 | D:13     | Noticed a catoblepas
 26724 | D:13     | Killed a catoblepas
 26862 | D:13     | Noticed a centaur warrior
 26866 | D:13     | Killed a centaur warrior
 26923 | D:13     | Killed from afar by an electric eel

Illustrated notes

Levels and vault maps discovered:
D:1:      eino_arrival_cavern_b, layout_basic, serial_shops, shop,
          shapermc_ecumenical_altar_starsandcircs, serial_park_tiny_2,
          lemuel_flame_loot_1
D:2:      layout_rooms
D:3:      layout_basic, serial_forest, infiniplex_forest_clump_long,
          infiniplex_forest_clump_long, infiniplex_forest_corner_1,
          infiniplex_forest_straight_2, infiniplex_forest_end_1,
          infiniplex_forest_clump_small, infiniplex_forest_lined_room_,
          infiniplex_forest_lined_corner, infiniplex_forest_lined_3,
          infiniplex_forest_clump_small, minmay_distorted, uniq_robin,
          uniq_jessica
D:4:      layout_loops_ring, kennysheep_boxes, uniq_edmund, uniq_duvessa
D:5:      gammafunk_steamed_eel, layout_gridville, serial_shops, shop
D:6:      layout_basic, temple_doors_e, uniq_menkaure
D:7:      layout_gridville, okawaru_trees_1, serial_shops,
          nicolae_shop_statue_plus, shop, shop
D:8:      layout_loops_ring, due_lair_maze_entry_diamond, uniq_harold
D:9:      layout_stronghold, uniq_erolcha
D:10:     layout_cave_pools, uniq_maurice
D:11:     hangedman_cross_stitches, layout_loops_corners
D:12:     cross_vault, layout_loops_corners, gammafunk_ghost_icy, serial_shops,
          nicolae_shop_stone
D:13:     wad_bat_island, layout_rooms, minmay_crystal_box
Temple:   regret_index_temple_sigil_plot
Lair:1:   layout_layer_cave
Lair:2:   layout_gridlike, hibernation_bobbens, lemuel_fruit_tree,
          infiniplex_staircase_pool_2
Lair:3:   layout_cave_pods, spider_nest_entry_funnel_web,
          ebering_ghost_disaster_area, kennysheep_basilisk_garden,
          grunt_megastairs_2
Lair:4:   gammafunk_lair_enchanted_lake, layout_loops_ring, swamp_mist,
          basic_altar, grunt_megastairs_1
Lair:5:   layout_cave_pods
Orc:1:    layout_diamond_mine, serial_shops, nicolae_shop_behind_doors,
          nicolae_shop_stone, basic_altar, uniq_erica
Orc:2:    st_orc_ogre_mass, layout_caves, serial_shops, nicolae_shop_crystal,
          basic_altar

Skill      XL: |  1  2  3  4  5  6  7  8  9 10 11 12 13 |
---------------+----------------------------------------+-----
Hexes          | 5 6 7 8 12 17 18 | 18.0
Unarmed Combat | 2 5 6 8 |  8.3
Stealth        | 5 6 7 8 9 12 | 12.7
Fighting       | 1 2 3 5 6 8 10 | 10.0
Dodging        | 5 |  5.0
Poison Magic   | 3 4 |  4.3
Spellcasting   | 4 6 7 |  7.0
Conjurations   | 1 3 |  3.8
Earth Magic    | 1 3 7 6 |  7.2
Transmutations | 7 6 |  7.0
Ice Magic      | |  0.7

Action                   |  1- 3 |  4- 6 |  7- 9 | 10-12 | 13-15 || total
-------------------------+-------+-------+-------+-------+-------++-------
Melee: Unarmed           |   106 |   147 |   297 |   330 |    94 ||   974
       Bite              |     6 |     8 |    22 |    23 |    10 ||    69
       Punch             |       |     2 |     4 |     5 |     4 ||    15
 Cast: Ensorcelled Hiber |    33 |    72 |    40 |    83 |    14 ||   242
       Olgreb's Toxic Ra |       |       |    27 |    95 |     2 ||   124
       Dazzling Flash    |       |       |     6 |    18 |     4 ||    28
       Tukima's Dance    |       |       |       |    28 |    25 ||    53
       Discord           |       |       |       |    16 |    12 ||    28
       Statue Form       |       |       |       |       |     2 ||     2
 Abil: End Transformatio |       |       |       |       |     1 ||     1
Evoke: Wand              |       |       |       |     1 |    10 ||    11
  Use: Potion            |     1 |       |     5 |     3 |       ||     9
       Scroll            |       |    10 |     9 |    12 |     1 ||    32
 Stab: Sleeping          |    35 |    50 |    30 |    78 |    17 ||   210
       Invisible         |     2 |       |     1 |     4 |       ||     7
       Distracted        |       |     1 |       |     1 |     2 ||     4
Armor: Skin              |    11 |     6 |    95 |    15 |    14 ||   141
Dodge: Dodged            |    81 |   115 |   286 |   316 |   106 ||   904

Table legend: (Time is in decaauts)
 A = Elapsed time spent in this place.
 B = Non-inter-level travel time spent in this place.
 C = Inter-level travel time spent in this place.
 D = Time resting spent in this place.
 E = Time spent auto-exploring this place.
 F = Levels seen in this place.
 G = Mean time per level.
                   A        B        C        D        E       F      G
               +--------+--------+--------+--------+--------+-----+--------+
         Total |  23759 |  22528 |   1231 |   3941 |  13058 |  21 | 1131.4 |
       Dungeon |  13812 |  13126 |    686 |   2173 |   7435 |  13 | 1062.5 |
        Temple |    135 |     98 |     37 |      0 |     80 |   1 |  135.0 |
          Lair |   6798 |   6516 |    282 |    959 |   4177 |   5 | 1359.6 |
  Orcish Mines |   3013 |   2788 |    225 |    809 |   1365 |   2 | 1506.5 |
               +--------+--------+--------+--------+--------+-----+--------+

Top non-repeatable levels by time:
     D:1: 2103 daAuts
  Lair:1: 1917 daAuts
  Lair:3: 1699 daAuts
   Orc:1: 1570 daAuts
     D:5: 1496 daAuts
  Lair:4: 1463 daAuts
   Orc:2: 1443 daAuts
     D:3: 1403 daAuts
     D:8: 1339 daAuts
    D:11: 1222 daAuts
    D:12: 1140 daAuts
  Lair:2: 1110 daAuts
     D:6: 1101 daAuts
     D:2: 934 daAuts
     D:9: 896 daAuts
